AoeStats
← Hamstring Cramp

Fortress

509921140Analyzed
4v4 RM · 4d ago on Sep 28, 2026· 55m 7s· 8 players
Game mode
Random Map
Map size
Huge
Population
200
Speed
Normal
Resources
Standard
Victory
Conquest
Starting age
Dark Age
Ending age
Imperial Age
RankedLock teamsTeams togetherTeam positionsShared explorationLock speedFull tech treeHidden civsTurbo modeCheats
Victory
Defeat
🇺🇸 Sicilians · United States
1346
+16
🇹🇼 Huns · Taiwan
1342
+16
🇨🇴 Magyars · Colombia
1339
+16
🇨🇳 Danes · China
1329
+17
🇮🇳 Dravidians · India
1411
-20
🇹🇷 Britons · Türkiye
1326
-15
🇮🇳 Hindustanis · India
1324
-15
🇪🇸 Varangians · Spain
1308
-15
Dwight
6:45 Feudal Age
10:34 Castle Age
9:03 Double-Bit Axe
9:14 Horse Collar
11:39 Bow Saw
12:58 Loom
16:59 Gold Mining
18:08 Wheelbarrow
17:46 Stone Mining
19:42 Hand Cart
19:25 Town Watch
21:08 Fletching
21:48 Forging
22:45 Ballistics
26:16 Imperial Age
27:04 Bodkin Arrow
28:25 Chemistry
28:02 Bracer
29:07 Conscription
28:48 Elite Longbowman
29:30 Padded Archer Armor
30:28 Murder Holes
30:07 Pikeman
30:48 Squires
32:20 Leather Archer Armor
32:06 Scale Mail Armor
32:16 Forging
31:28 Halberdier
katzzu
7:07 Feudal Age
11:06 Castle Age
9:09 Double-Bit Axe
9:29 Horse Collar
13:13 Bow Saw
15:32 Loom
18:28 Stone Mining
18:32 Gold Mining
20:16 Heavy Plow
26:19 Imperial Age
26:25 Imperial Age
25:47 Scale Barding Armor
25:57 Bloodlines
28:38 Forging
29:18 Husbandry
29:43 Chain Barding Armor
29:49 Heavy Camel Rider
34:16 Imperial Camel Rider
36:14 Gold Shaft Mining
37:21 Plate Barding Armor
39:40 Iron Casting
40:15 Conscription
39:59 Light Cavalry
41:43 Blast Furnace
40:49 Fletching
41:10 Hussar
42:16 Fortified Wall
41:31 Elite Skirmisher
43:43 Thumb Ring
43:37 Bodkin Arrow
Gandalff
5:29 Loom
7:14 Feudal Age
11:34 Castle Age
9:58 Double-Bit Axe
10:01 Horse Collar
18:55 Wheelbarrow
18:54 Bow Saw
23:03 Hand Cart
26:16 Imperial Age
23:59 Heavy Plow
24:38 Scale Barding Armor
24:43 Forging
25:42 Bloodlines
25:32 Husbandry
24:52 Light Cavalry
26:32 Chain Barding Armor
27:17 Iron Casting
26:15 Light Cavalry
28:10 Plate Barding Armor
28:00 Conscription
29:47 Fletching
30:59 Blast Furnace
32:12 Hand Cart
31:55 Gold Mining
31:56 Stone Mining
32:15 Hussar
35:30 Siege Engineers
35:07 Treadmill Crane
35:37 Masonry
35:58 Elite Jarl
42:12 Architecture
43:38 Fortified Wall
45:14 Crop Rotation
53:56 Bodkin Arrow
54:18 Murder Holes
54:44 Ballistics
55:24 Chemistry
KursedKnight993
7:45 Feudal Age
9:26 Double-Bit Axe
12:00 Castle Age
10:27 Horse Collar
10:38 Gold Mining
13:14 Bow Saw
13:34 Heavy Plow
20:21 Wheelbarrow
21:46 Hand Cart
22:05 Gold Mining
22:16 Scale Mail Armor
25:45 Imperial Age
23:02 Loom
23:58 Fletching
24:31 Ballistics
24:34 Padded Archer Armor
25:20 Bodkin Arrow
25:28 Husbandry
26:38 Leather Archer Armor
26:51 Thumb Ring
26:08 Elite Elephant Archer
26:54 Bracer
32:34 Scale Mail Armor
31:57 Pikeman
34:01 Halberdier
34:41 Squires
34:27 Arson
34:57 Chain Mail Armor
34:53 Forging
36:04 Chemistry
34:44 Man-at-Arms
35:10 Gambesons
35:48 Conscription
35:36 Long Swordsman
37:07 Plate Mail Armor
36:17 Two-Handed Swordsman
37:59 Champion
45:47 Iron Casting
45:42 Ring Archer Armor
48:36 Blast Furnace
47:58 Wootz Steel
Hamstring Cramp
9:24 Feudal Age
10:09 Double-Bit Axe
10:04 Horse Collar
13:02 Castle Age
14:29 Wheelbarrow
13:41 Loom
13:42 Town Watch
20:41 Gold Mining
25:22 Imperial Age
23:37 Hand Cart
23:46 Bow Saw
23:49 Forging
23:39 Scale Mail Armor
24:22 Squires
24:07 Arson
25:13 First Crusade
26:24 Iron Casting
26:04 Chain Mail Armor
25:26 Capped Ram
26:27 Siege Ram
28:22 Blast Furnace
28:02 Fletching
28:43 Plate Mail Armor
28:00 Arrowslits
29:30 Ballistics
29:52 Masonry
30:14 Bodkin Arrow
31:25 Chemistry
31:41 Conscription
31:09 Pikeman
32:46 Stone Mining
32:28 Elite Serjeant
32:41 Halberdier
38:44 Bracer
40:20 Padded Archer Armor
40:37 Elite Skirmisher
42:22 Leather Archer Armor
44:39 Murder Holes
[MLTS] RKotzen
8:31 Feudal Age
9:47 Double-Bit Axe
12:24 Castle Age
11:01 Scale Mail Armor
12:20 Horse Collar
13:06 Pikeman
14:03 Chain Mail Armor
16:11 Loom
16:52 Bow Saw
20:12 Bow Saw
24:49 Town Watch
25:41 Wheelbarrow
24:59 Gold Mining
26:43 Gold Shaft Mining
29:58 Imperial Age
27:23 Fletching
27:35 Padded Archer Armor
29:18 Thumb Ring
29:34 Ballistics
29:24 Bodkin Arrow
29:45 Leather Archer Armor
30:32 Heavy Cavalry Archer
31:34 Bracer
34:44 Chemistry
34:59 Conscription
36:56 Ring Archer Armor
37:47 Bloodlines
37:38 Husbandry
37:45 Scale Barding Armor
37:26 Elite Magyar Huszar
37:36 Light Cavalry
39:13 Chain Barding Armor
38:42 Hussar
40:03 Recurve Bow
40:51 Plate Barding Armor
45:48 Siege Engineers
45:50 Caravan
50:37 Parthian Tactics
54:53 Elite Magyar Huszar
55:33 Corvinian Army
再讓我農一下
8:13 Feudal Age
9:19 Double-Bit Axe
12:11 Castle Age
10:04 Horse Collar
13:43 Heavy Plow
13:55 Bow Saw
20:47 Loom
24:02 Imperial Age
22:09 Wheelbarrow
21:20 Town Watch
23:43 Husbandry
23:53 Bloodlines
24:04 Forging
23:59 Scale Barding Armor
23:56 Marauders
24:15 Stone Mining
24:16 Gold Mining
26:27 Iron Casting
26:12 Chain Barding Armor
26:23 Chain Barding Armor
27:15 Gold Shaft Mining
29:33 Conscription
28:48 Elite Tarkan
30:23 Light Cavalry
34:48 Plate Barding Armor
35:14 Blast Furnace
34:04 Fletching
34:15 Padded Archer Armor
35:48 Cavalier
37:00 Caravan
39:22 Paladin
44:28 Two-Man Saw
44:57 Hand Cart
45:00 Capped Ram
47:13 Siege Ram
49:12 Bodkin Arrow
49:32 Leather Archer Armor
虾仁
7:34 Feudal Age
11:40 Castle Age
9:46 Double-Bit Axe
10:02 Horse Collar
10:19 Loom
11:27 Wheelbarrow
18:45 Forging
18:52 Bow Saw
18:45 Heavy Plow
20:18 Fervor
20:03 Gold Mining
23:19 Hand Cart
25:34 Imperial Age
23:04 Stone Mining
23:35 Squires
23:52 Hamask
24:46 Forging
24:36 Scale Mail Armor
24:24 Arson
25:23 Gold Shaft Mining
25:48 Chain Mail Armor
26:08 Iron Casting
25:36 Elite Jomsviking
26:41 Conscription
27:11 Plate Mail Armor
27:50 Blast Furnace
27:57 Capped Ram
31:45 Fletching
31:55 Padded Archer Armor
31:28 Siege Ram
32:52 Ballistics
33:33 Chemistry
32:48 Bodkin Arrow
33:08 Leather Archer Armor
33:30 Bracer
34:46 Ring Archer Armor
35:25 Thumb Ring
34:40 Elite Skirmisher
53:15 Crossbowman
Connection lost

Rejoining the realm…

Still unreachable

The connection could not be restored.

Session expired

The server has moved on; the page needs a fresh start.